AoeStats
← [GDL] Ethernal

Arena

507896571Analyzed
4v4 RM · 10d ago on Sep 20, 2026· 37m 36s· 8 players
Game mode
Random Map
Map size
Large (8 player)
Population
200
Speed
Normal
Resources
Standard
Victory
Conquest
Starting age
Dark Age
Ending age
Imperial Age
RankedLock teamsTeams togetherTeam positionsShared explorationLock speedFull tech treeHidden civsTurbo modeCheats
Victory
Defeat
🇲🇽 Teutons · Mexico
1435
+13
🇲🇽 Sicilians · Mexico
1389
+15
🇵🇦 Turks · Panama
1342
+17
🇺🇸 Gurjaras · United States
1303
+18
🇨🇴 Japanese · Colombia
1406
-18
🇦🇺 Saracens · Australia
1366
-16
🇲🇽 Lithuanians · Mexico
1345
-15
🇨🇴 Poles · Colombia
1325
-14
[A2PL]Jdbcervantes
11:03 Feudal Age
15:05 Castle Age
13:31 Double-Bit Axe
13:59 Horse Collar
17:40 Loom
25:53 Imperial Age
24:23 Forging
24:19 Scale Barding Armor
24:37 Husbandry
27:04 Bloodlines
27:47 Chain Barding Armor
30:48 Plate Barding Armor
32:13 Iron Casting
34:41 Heavy Plow
Gutys08
4:18 Loom
10:25 Feudal Age
19:25 Castle Age
27:28 Scale Mail Armor
27:38 Forging
32:22 Horse Collar
33:31 Padded Archer Armor
33:22 Fletching
34:18 Scale Barding Armor
34:48 Iron Casting
35:18 Husbandry
35:29 Bloodlines
[A2PL] ThaNaThoS
6:37 Loom
9:37 Feudal Age
15:48 Castle Age
13:51 Double-Bit Axe
14:10 Horse Collar
28:57 Imperial Age
26:33 Stone Mining
26:37 Gold Mining
26:42 Fletching
27:18 Bow Saw
27:43 Bodkin Arrow
28:37 Wheelbarrow
28:38 Crossbowman
29:48 Ballistics
29:43 Arbalester
31:44 Gold Shaft Mining
30:59 Town Watch
31:48 Conscription
34:01 Chemistry
33:28 Bracer
33:29 Padded Archer Armor
35:16 Leather Archer Armor
36:26 Parthian Tactics
35:22 Heavy Cavalry Archer
36:57 Ring Archer Armor
A2PL Okr010
5:09 Loom
11:46 Feudal Age
15:56 Castle Age
14:11 Double-Bit Axe
14:07 Horse Collar
17:02 Bow Saw
17:02 Heavy Plow
25:56 Wheelbarrow
25:13 Gold Mining
25:15 Stone Mining
27:04 Hand Cart
30:42 Imperial Age
28:26 Bloodlines
28:16 Husbandry
28:32 Scale Barding Armor
28:38 Forging
29:45 Chain Barding Armor
31:05 Iron Casting
30:49 Heavy Camel Rider
32:05 Plate Barding Armor
31:53 Conscription
32:25 Scale Mail Armor
33:26 Blast Furnace
33:35 Two-Man Saw
33:11 Gold Shaft Mining
33:14 Fletching
33:33 Siege Engineers
35:22 Murder Holes
35:48 Ballistics
35:45 Bodkin Arrow
36:51 Chemistry
[GDL]KICHUS
9:17 Feudal Age
9:34 Loom
11:04 Fletching
12:33 Double-Bit Axe
16:21 Horse Collar
25:37 Castle Age
25:09 Gold Mining
25:12 Stone Mining
25:47 Pikeman
26:52 Forging
28:09 Iron Casting
31:10 Scale Mail Armor
34:12 Chain Mail Armor
37:11 Bow Saw
37:37 Heavy Plow
38:38 Wheelbarrow
[GDL] Killer Pollo
10:18 Feudal Age
14:53 Castle Age
13:26 Double-Bit Axe
13:53 Horse Collar
15:46 Loom
20:41 Wheelbarrow
21:44 Heavy Plow
29:26 Imperial Age
27:16 Gold Mining
27:40 Bow Saw
27:52 Scale Mail Armor
29:23 Chain Mail Armor
29:12 Town Watch
30:03 Hand Cart
33:05 Plate Mail Armor
34:51 Conscription
34:43 Forging
34:45 Stone Mining
37:15 Chemistry
37:27 First Crusade
[GDL] Ethernal
10:26 Feudal Age
14:42 Castle Age
13:09 Double-Bit Axe
13:06 Horse Collar
15:47 Bow Saw
19:53 Heavy Plow
21:38 Loom
21:39 Town Watch
23:33 Wheelbarrow
28:36 Imperial Age
26:53 Forging
26:48 Scale Barding Armor
27:08 Town Patrol
27:42 Bloodlines
27:32 Husbandry
28:35 Iron Casting
29:07 Chain Barding Armor
28:45 Heavy Camel Rider
29:32 Elite Shrivamsha Rider
30:07 Heavy Camel Rider
31:48 Plate Barding Armor
33:12 Gold Mining
33:13 Stone Mining
35:10 Conscription
36:11 Elite Shrivamsha Rider
Xerg
11:13 Feudal Age
15:25 Castle Age
14:18 Wheelbarrow
16:17 Castle Age
14:28 Double-Bit Axe
21:52 Imperial Age
19:50 Bow Saw
20:07 Padded Archer Armor
21:17 Gold Mining
21:33 Loom
22:26 Leather Archer Armor
27:03 Ring Archer Armor
34:02 Horse Collar
34:52 Thumb Ring
35:26 Masonry
Connection lost

Rejoining the realm…

Still unreachable

The connection could not be restored.

Session expired

The server has moved on; the page needs a fresh start.